 Dungeon Sprint DCSS version 0.23.2 (webtiles) character file.

Game seed: 12430424649246545030

95 MartialLaw the Skirmisher (level 4, -3/49 HPs)
             Began as a Troll Fighter on Mar 31, 2019.
             Drowned by a water elemental (7 damage)
             ... in the Dungeon (Sprint III: "The Ten Rune Challenge").
             The game lasted 00:00:51 (292 turns).

MartialLaw the Skirmisher (Troll Fighter)            Turns: 292, Time: 00:00:52

Health: -3/49      AC:  6    Str: 25    XL:     4   Next: 39%
Magic:  3/3        EV:  9    Int:  4    God:
Gold:   16         SH:  9    Dex:  9    Spells: 3/3 levels left

rFire    . . .     SeeInvis .   a - +0 flail
rCold    . . .     Gourm    +   c - +0 shield
rNeg     . . .     Faith    .   b - +0 robe
rPois    .         Spirit   .   (helmet restricted)
rElec    .         Reflect  .   (no cloak)
rCorr    .         Harm     .   (gloves unavailable)
MR       .....     NoTele   +   (boots unavailable)
Stlth    +.........             (no amulet)
HPRegen  0.56/turn              (no ring)
MPRegen  0.08/turn              (no ring)

@: engulfed (cannot breathe)
A: large, unfitting armour, claws 3, fast metabolism 3, gourmand, regeneration
1, shaggy fur 1, tough skin 3
a: no special abilities


You were in the Dungeon.
You were not hungry.

You visited 1 branch You collected 16 gold pieces.

Inventory:

Hand Weapons
 a - a +0 flail (weapon)
Armour
 b - a +0 robe (worn)
 c - a +0 shield (worn)
Scrolls
 k - a scroll of blinking
 o - 2 scrolls of torment {unknown}
 p - a scroll of immolation {unknown}
 q - 4 scrolls of remove curse
 r - a scroll of identify {unknown}
Potions
 d - a potion of might
 e - a potion of curing
 g - a potion of heal wounds
 h - a potion of haste
 i - 2 potions of magic
 j - a potion of berserk rage
 l - 2 potions of flight {unknown}
 m - 2 potions of cancellation {unknown}
 n - 6 potions of mutation
 s - a potion of lignification {unknown}
Comestibles
 f - 4 rations


   Skills:
 + Level 4.3 Fighting
 + Level 4.2 Maces & Flails
 + Level 4.3 Dodging
 + Level 4.3 Shields


You had 3 spell levels left.
You didn't know any spells.
Your spell library was empty.

Dungeon Overview and Level Annotations

Branches:
Dungeon (1/1)

Altars:


Innate Abilities, Weirdness & Mutations

You are too large for most types of armour.
You have claws for hands.
Your metabolism is lightning-fast.
You like to eat raw meat.
Your natural rate of healing is unusually fast.
You are covered in fur. (AC +1)
You have extremely tough skin. (AC +3)


Message History

There is an open door here.
You enter the shallow water.
Moving in this stuff is going to be slow.
You enter the shallow water.
Moving in this stuff is going to be slow.
You open the door.
A water elemental comes into view.
There is an open door to the Ecumenical Temple here.
You barely miss the water elemental. The water elemental hits you!
The water elemental engulfs you in water!
The water elemental hits you!
You sock the water elemental!
The water elemental is moderately damaged.
Your lungs strain for air!
The water elemental hits you!!
* * * LOW HITPOINT WARNING * * *
You are too injured to fight recklessly!
You hit the water elemental.
The water elemental is moderately damaged.
You die...

▓▓▓▓▓▓▓▓▓▓ ▓▓▓
.#..'....♣ ♣.#
.#..#....♣♣ ♣.#
'####.....♣ ♣♣.#
÷.÷.#....≈♣♣ ♣..###+#+##
....#.†.≈≈.♣♣♣..#.......
...(#..≈≈≈≈.♣♣..@.⌠.....
###'#..≈≈≈≈≈≈♣♣.#E..####
....#.≈≈≈≈≈≈....#.⌠.#
..[.#.≈≈≈≈≈.....#...#
....#.≈≈≈.......#+###
#####...........#
................#
▓▓▓▓▓▓▓▓▓▓▓▓▓▓▓▓▓


You could see a water elemental.

Vanquished Creatures
  A scorpion (D)
  Jessica (D)
  A human (D)
  3 rats (D)
6 creatures vanquished.

Vanquished Creatures (others)
  2 draconian scorchers (D)
  6 hellions (D)
  A yaktaur (D)
  5 plants (D)
14 creatures vanquished.

Grand Total: 20 creatures vanquished

Notes
Turn   | Place    | Note
-------+----------+-------------------------------------------
     0 | D        | MartialLaw the Troll Fighter began the quest for the Orb.
     0 | D        | Reached XP level 1. HP: 22/22 MP: 0/0
    21 | D        | Noticed Jessica
    27 | D        | Killed Jessica
    27 | D        | Reached XP level 2. HP: 3/31 MP: 1/1
    84 | D        | Killed a hellion
   107 | D        | Reached XP level 3. HP: 3/39 MP: 2/2
   107 | D        | Killed a hellion
   108 | D        | Killed a hellion
   113 | D        | Killed a hellion
   115 | D        | Killed a hellion
   117 | D        | Killed a hellion
   179 | D        | Noticed a scorpion
   194 | D        | Killed a scorpion
   194 | D        | Reached XP level 4. HP: 35/49 MP: 3/3
   224 | D        | Killed a white draconian scorcher
   234 | D        | Killed a yaktaur
   262 | D        | Killed a white draconian scorcher
   289 | D        | Noticed a water elemental
   292 | D        | Drowned by a water elemental

Skill      XL: |  1  2  3 |
---------------+----------+-----
Fighting       | 3 4 |  4.3
Maces & Flails | 3 4 |  4.2
Dodging        | 3 4 |  4.3
Shields        | 3 4 |  4.3

Action                   |  1- 3 |  4- 6 || total
-------------------------+-------+-------++-------
Melee: Flail             |    42 |     3 ||    45
  Eat: Chunk             |     3 |       ||     3
Armor: Robe              |     6 |       ||     6
Dodge: Dodged            |    12 |       ||    12
Block: Shield            |    17 |       ||    17
